 Dungeon Crawl Stone Soup version 0.31-a0-986-g5e6e4ef867 (webtiles) character file.

Game seed: 13271309860049431070

2247 bmack86 the Cleaver (level 9, -3/60 (70) HPs)
             Began as a Minotaur Fighter on Nov 21, 2023.
             Was an Initiate of Gozag.
             Killed from afar by an electric eel (9 damage)
             ... with a bolt of electricity
             ... on level 7 of the Dungeon.
             The game lasted 00:12:35 (5865 turns).

bmack86 the Cleaver (Minotaur Fighter)              Turns: 5865, Time: 00:12:36

HP:   -3/60 (70)    AC: 15    Str: 24    XL:     9   Next: 15%
MP:   0/8           EV:  8    Int:  4    God:    Gozag
Gold: 779           SH:  5    Dex: 11    Spells: 8/8 levels left

rFire   . . .        a - +1 war axe (freeze)
rCold   + . .        c - +0 buckler
rNeg    + . .        e - +2 chain mail {rC+}
rPois   +            (helmet restricted)
rElec   .            o - +2 ratskin cloak {*Rats rPois rN+ Str-1 Int-1 Dex+1}
rCorr   .            (no gloves)
SInv    .            j - +0 pair of boots
Will    .....        r - amulet of guardian spirit Stlth
                     n - ring of flight
HPRegen 0.30/turn    (no ring)
MPRegen 0.11/turn

%: guardian spirit
@: flying, heavily drained
A: horns 2, retaliatory headbutt
a: Renounce Religion, Potion Petition, Call Merchant, Bribe Branch


You were on level 7 of the Dungeon.
You worshipped Gozag.
Gozag was pleased with you.
You visited 2 branches of the dungeon, and saw 8 of its levels.

You collected 870 gold pieces.
You paid 91 gold pieces to Gozag.

Inventory:

Hand Weapons
 a - a +1 war axe of freezing (weapon)
Missiles
 g - 6 javelins
 h - 7 boomerangs
 q - 4 silver javelins
Armour
 b - a +0 scale mail
 c - a +0 buckler (worn)
 e - a +2 chain mail of cold resistance (worn)
 f - a +0 plate armour
 j - a +0 pair of boots (worn)
 o - the +2 ratskin cloak (worn) {*Rats rPois rN+ Str-1 Int-1 Dex+1}
   (You found it on level 5 of the Dungeon)

   *Rats:     When the wearer is hurt, rats may emerge from it to assist them.
   Str-1:     It affects your strength (-1).
   Int-1:     It affects your intelligence (-1).
   Dex+1:     It affects your dexterity (+1).
   rPois:     It protects you from poison rN+: It protects you from negative
   energy.
 u - a scarf of shadows
 x - a +0 cloak
 z - a +0 chain mail
Jewellery
 n - a ring of flight (left hand)
 r - an amulet of guardian spirit (around neck)
 y - a ring of fire
 A - an amulet of magic regeneration
Wands
 k - a wand of polymorph (5)
 w - a wand of iceblast (4)
 B - a wand of charming (3)
 D - a wand of flame (18) (quivered)
Scrolls
 l - 4 scrolls of immolation
 p - 4 scrolls of teleportation
 E - a scroll of amnesia {unknown}
Potions
 d - a potion of might
 i - 2 potions of berserk rage
 m - a potion of curing
 s - 2 potions of invisibility {unknown}
 t - a potion of attraction {unknown}
 v - 2 potions of lignification
 C - 2 potions of heal wounds {unknown}


   Skills:
 - Level 3.6 Fighting
 + Level 14.1 Axes
 - Level 3.6 Armour
 - Level 5.0 Shields


You had 8 spell levels left.
You didn't know any spells.
Your spell library contained the following spells:

 Spells                   Type           Power      Damage    Failure   Level
 Cigotuvi's Dreadful Rot  Necr/Pois/Air  0%         N/A       99%         2
 Lesser Beckoning         Tloc           0%         N/A       99%         2
 Gell's Gravitas          Tloc           0%         N/A       100%        3
 Ignite Poison            Fire/Tmut/Pois 0%         N/A       100%        3
 Teleport Other           Tloc           0%         N/A       100%        3
 Freezing Cloud           Conj/Ice/Air   0%         6-21      100%        5


Dungeon Overview and Level Annotations

Branches:
Dungeon (7/15)             Temple (1/1) D:4

Altars:
Ashenzari
Cheibriados
Dithmenos
Elyvilon
Gozag
Hepliaklqana
Makhleb
Nemelex Xobeh
Qazlal
Ru
Trog
Uskayaw
Vehumet
Wu Jian
Yredelemnul
Zin
The Shining One

Annotations:
D:7 Jeremiah


Innate Abilities, Weirdness & Mutations

You have a pair of horns on your head.
You reflexively headbutt those who attack you in melee.


Message History

You slash the butterfly! You freeze the butterfly.
You kill the butterfly!
The butterfly disappears in a burst of colours!
Jeremiah hits you but does no damage. You partially resist.
You completely miss the butterfly. You headbutt the butterfly.
You kill the butterfly!
The butterfly disappears in a burst of colours!
Jeremiah hits you from afar with a +3 trident of draining.
You partially resist.
You feel drained.
You slash the butterfly! You freeze the butterfly.
You kill the butterfly!
The butterfly disappears in a burst of colours!
You closely miss the butterfly. You closely miss the butterfly.
You headbutt the butterfly.
You kill the butterfly!
The butterfly disappears in a burst of colours!
You closely miss the butterfly.
The butterfly disappears in a burst of colours!
Jeremiah hits you from afar with a +3 trident of draining!
* * * LOW HITPOINT WARNING * * *
You partially resist.
You feel drained.
As you read the scroll of teleportation, it crumbles to dust.
You feel strangely unstable.
Jeremiah lets out a twisted cry.
Something smites you!
* * * LOW HITPOINT WARNING * * *
A hell rat scurries out from under your cloak.
You swap places.
Your surroundings suddenly seem different.
Found 10 gold pieces.
An orc wizard comes into view. It is wielding a +0 dagger.
The orc wizard shouts!
You hear a shout!
An electric eel comes into view.
An orc priest comes into view. It is wielding a +0 dagger.
The orc priest shouts!
The orc priest looks satisfied for a moment.
The electric eel shoots out a bolt of lightning at you!
The bolt of electricity hits you!
You die...
Your body crumbles into a pile of gold.

.....##...##)...## #.##
##...........#### #...
...#.≈≈≈≈≈≈≈...b...####
##.#.≈......≈≈≈≈≈≈. #
#...≈.#####.)...≈. #
###.≈.# ####.≈.####
####.≈.# #.≈.#bbF
#....≈.# #.≈.##b#
#.##.≈@# #.≈.##b# #
#≈.#.≈.# #.r.# #≈. .S.#
#.### #≈. .≈... #.# #≈$
.≈≈≈≈.. #.# o≈. .....≈≈
#.# ##≈o #####.. #.#
#≈. ## #.# ..#


You could see an electric eel, an orc priest and an orc wizard.

Vanquished Creatures
  A hornet (D:5)
  Edmund (D:5)
  Duvessa (D:7)
  An ogre (D:7)
  An ice beast (D:5)
  3 sky beasts
  3 phantoms
  Blork the orc (D:4)
  4 bullfrogs
  Dowan (D:7)
  3 wights (D:6)
  2 jellies (D:4)
  A hound (D:4)
  4 orc priests
  Crazy Yiuf (D:3)
  2 sleepcaps (D:6)
  5 iguanas
  Ijyb (D:5)
  2 orc wizards (D:5)
  Robin (D:4)
  4 adders
  A white imp (D:5)
  2 worms
  3 dart slugs
  9 orcs
  2 ball pythons
  6 endoplasms
  3 giant cockroaches
  15 goblins
  10 hobgoblins
  A quokka (D:1)
  6 bats
  4 frilled lizards
  3 kobolds
  9 rats
117 creatures vanquished.

Notes
Turn   | Place    | Note
-------+----------+-------------------------------------------
     0 | D:1      | bmack86 the Minotaur Fighter began the quest for the Orb.
     0 | D:1      | Reached XP level 1. HP: 19/19 MP: 0/0
   141 | D:1      | Reached XP level 2. HP: 25/26 MP: 1/1
   240 | D:1      | Reached skill level 3 in Axes
   498 | D:1      | Reached XP level 3. HP: 31/31 MP: 2/2
  1161 | D:2      | Reached skill level 5 in Shields
  2588 | D:3      | Found a runed translucent door.
  2589 | D:3      | Noticed Crazy Yiuf
  2733 | D:4      | Reached skill level 4 in Axes
  2736 | D:4      | Reached XP level 4. HP: 30/39 MP: 3/3
  2773 | D:3      | Killed Crazy Yiuf
  2774 | D:3      | Reached skill level 5 in Axes
  2852 | D:4      | Found a glowing silver altar of Zin.
  2917 | D:4      | Noticed Blork the orc
  2922 | D:4      | Reached XP level 5. HP: 45/45 MP: 4/4
  2926 | D:4      | Killed Blork the orc
  2927 | D:4      | Reached skill level 6 in Axes
  3080 | D:4      | Found a staircase to the Ecumenical Temple.
  3095 | Temple   | Entered the Ecumenical Temple
  3103 | Temple   | Became a worshipper of Gozag Ym Sagoz the Greedy
  3165 | D:4      | Reached XP level 6. HP: 22/51 MP: 5/5
  3272 | D:4      | Noticed a sky beast
  3282 | D:4      | Killed a sky beast
  3283 | D:4      | Reached skill level 7 in Axes
  3290 | D:4      | Noticed Robin
  3300 | D:4      | Killed Robin
  3616 | D:5      | Entered Level 5 of the Dungeon
  3644 | D:5      | Noticed Edmund
  3657 | D:5      | Killed Edmund
  3658 | D:5      | Reached skill level 8 in Axes
  3658 | D:5      | Reached XP level 7. HP: 45/57 MP: 6/6
  3857 | D:5      | Reached skill level 9 in Axes
  3893 | D:5      | Noticed Ijyb
  3904 | D:5      | Killed Ijyb
  4021 | D:5      | Noticed a hornet
  4033 | D:5      | Killed a hornet
  4034 | D:5      | Reached skill level 10 in Axes
  4037 | D:5      | HP: 2/57 [poisoned by a hornet]
  4256 | D:5      | Reached XP level 8. HP: 64/64 MP: 7/7
  4328 | D:5      | Found the +2 ratskin cloak {*Rats rPois rN+ Str-1 Int-1
                  | Dex+1}
  4361 | D:5      | Reached skill level 11 in Axes
  4753 | D:6      | Found a radiant altar of Vehumet.
  4956 | D:6      | Reached skill level 12 in Axes
  4965 | D:6      | Found a sacrificial altar of Ru.
  5316 | D:6      | Reached skill level 13 in Axes
  5766 | D:7      | Reached XP level 9. HP: 70/70 MP: 8/8
  5774 | D:7      | Noticed Duvessa
  5784 | D:7      | Killed Duvessa
  5785 | D:7      | Reached skill level 14 in Axes
  5785 | D:7      | Noticed Dowan
  5789 | D:7      | Killed Dowan
  5835 | D:7      | Noticed Jeremiah
  5856 | D:7      | HP: 3/60 [Jeremiah/divine providence (12)]
  5865 | D:7      | Killed from afar by an electric eel

Illustrated notes

Levels and vault maps discovered:
D:1:      eino_arrival_tree_alley, layout_loops_cross, chequers_decorated_corner
D:2:      wad_crossroads, layout_rooms, serial_corexii_hall,
          corexii_hall_statues_i, corexii_hall_statues_i
D:3:      layout_basic, uniq_crazy_yiuf_cottage
D:4:      layout_cave_pools, general_overflow_altar,
          minmay_temple_entry_nine_rooms, uniq_blork_the_orc, uniq_robin
D:5:      layout_loops_ring, uniq_edmund, uniq_ijyb
D:6:      layout_basic, fiery_altar_vehumet, nicolae_overflow_hidden_temple
D:7:      layout_loops_ring, nicolae_overflow_squiral, st_stairs_11,
          uniq_jeremiah, uniq_duvessa
Temple:   dpeg_chambers_temple

Skill      XL: |  1  2  3  4  5  6  7  8  9 |
---------------+----------------------------+-----
Shields        | 4 5 |  5.0
Axes           | 3 4 5 6 8 10 13 14 | 14.1
Fighting       | |  3.6
Armour         | |  3.6

Action                     |  1- 3 |  4- 6 |  7- 9 || total
---------------------------+-------+-------+-------++-------
  Melee: War axe           |    88 |    55 |   170 ||   313
         Headbutt          |     9 |     6 |    38 ||    53
  Throw: Boomerang         |    27 |     6 |       ||    33
  Evoke: Wand              |       |       |     1 ||     1
    Use: Scroll            |       |     6 |    10 ||    16
         Potion            |       |       |     4 ||     4
 Armour: Scale mail        |    79 |     1 |       ||    80
         Chain mail        |       |    45 |   131 ||   176
  Dodge: Dodged            |    41 |    21 |    54 ||   116
  Block: Buckler           |    14 |     9 |    22 ||    45

Table legend: (Time is in decaauts)
 A = Elapsed time spent in this place.
 B = Non-inter-level travel time spent in this place.
 C = Inter-level travel time spent in this place.
 D = Time resting spent in this place.
 E = Time spent auto-exploring this place.
 F = Levels seen in this place.
 G = Mean time per level.
                   A        B        C        D        E       F      G
               +--------+--------+--------+--------+--------+-----+--------+
         Total |   5924 |   5757 |    167 |    201 |   4227 |   8 |  740.5 |
       Dungeon |   5907 |   5747 |    160 |    201 |   4227 |   7 |  843.9 |
        Temple |     16 |      9 |      7 |      0 |      0 |   1 |   16.0 |
               +--------+--------+--------+--------+--------+-----+--------+

Top non-repeatable levels by time:
     D:3: 1306 daAuts
     D:5: 1047 daAuts
     D:6: 939 daAuts
     D:1: 857 daAuts
     D:4: 827 daAuts
     D:2: 659 daAuts
     D:7: 267 daAuts
  Temple: 16 daAuts
